 Dungeon Crawl Stone Soup version 0.31-a0-995-g04711c9635 (webtiles) character file.

Game seed: 1171887546050340571

464 Maratek the Chopper (level 6, -1/49 HPs)
             Began as a Demonspawn Fighter on Nov 6, 2023.
             Was an Initiate of Qazlal.
             Slain by a gnoll
             ... wielding a +0 club
             ... led by a gnoll bouda
              (2 damage)
             ... on level 4 of the Dungeon.
             The game lasted 00:03:59 (3565 turns).

Maratek the Chopper (Demonspawn Fighter)            Turns: 3565, Time: 00:03:59

Health: -1/49      AC:  9    Str: 18    XL:     6   Next: 80%
Magic:  6/6        EV:  8    Int: 10    God:    Qazlal [......]
Gold:   329        SH:  4    Dex: 12    Spells: 5/5 levels left

rFire   . . .        a - +3 war axe
rCold   . . .        c - +0 buckler
rNeg    . . .        p - +0 chain mail
rPois   .            (helmet restricted)
rElec   .            (no cloak)
rCorr   .            (no gloves)
SInv    .            (no boots)
Will    .....        (no amulet) Stlth
                     (no ring)
HPRegen 0.28/turn    (no ring)
MPRegen 0.10/turn

%: no passive effects
@: no status effects
A: antennae 1, demonic guardian 1
a: Renounce Religion


You were on level 4 of the Dungeon.
You worshipped Qazlal.
Qazlal was noncommittal.
You visited 2 branches of the dungeon, and saw 5 of its levels.
You also visited: Sewer.

You collected 329 gold pieces.

Inventory:

Hand Weapons
 a - a +3 war axe (weapon)
Armour
 c - a +0 buckler (worn)
 p - a +0 chain mail (worn)
Scrolls
 b - a scroll of fear {unknown}
 i - 3 scrolls of teleportation
 j - 3 scrolls of fog
 l - 2 scrolls of amnesia
Potions
 d - a potion of might
 e - a potion of haste
 g - a potion of curing {unknown}
 h - 3 potions of lignification {unknown}
 k - a potion of ambrosia {unknown}
 m - 2 potions of cancellation {unknown}
 n - 2 potions of heal wounds {unknown}
 o - 4 potions of enlightenment


   Skills:
 + Level 4.4 Fighting
 + Level 4.5 Axes
 + Level 3.8 Armour
 + Level 2.0 Dodging
 + Level 0.1 Stealth
 + Level 3.1 Shields


You had 5 spell levels left.
You didn't know any spells.
Your spell library was empty.

Dungeon Overview and Level Annotations

Branches:
Dungeon (4/15)             Temple (1/1) D:4           Sewer (visited)

Altars:
Cheibriados
Fedhas
Gozag
Kikubaaqudgha
Makhleb
Nemelex Xobeh
Okawaru
Qazlal
Trog
Uskayaw
Vehumet
Wu Jian
Xom
Yredelemnul

Annotations:
D:3 2 runed translucent doors


Innate Abilities, Weirdness & Mutations

You have a pair of small antennae on your head.
A weak demonic guardian rushes to your aid.


Message History

Unknown command.
You are too injured to fight recklessly!
Unknown command.
You barely miss the gnoll.
The gnoll is heavily wounded.
You slash the gnoll!
You kill the gnoll!
Qazlal accepts your kill.
The gnoll hits you from afar with a +2 spear of flaming.
The gnoll burns you. You block the gnoll's attack.
The gnoll hits you from afar with a +2 spear of flaming.
The gnoll burns you. The quokka bites you.
* * * LOW HITPOINT WARNING * * *
The gnoll closely misses you.
You hit the gnoll.
The gnoll is severely wounded.
You closely miss the quokka. You hit the gnoll. The gnoll barely misses you.
You block the quokka's attack. The gnoll barely misses you. x2
The gnoll hits you but does no damage. You block the gnoll's attack.
You hit the gnoll but do no damage.
The gnoll is severely wounded.
You miss the quokka. You hit the gnoll. The quokka barely misses you.
The gnoll hits you but does no damage.
The gnoll hits you from afar with a +2 spear of flaming.
* * * LOW HITPOINT WARNING * * *
The gnoll burns you.
* * * LOW HITPOINT WARNING * * *
The gnoll hits you but does no damage. The gnoll barely misses you.
You block the quokka's attack.
You slash the gnoll!
You kill the gnoll!
Qazlal accepts your kill.
You completely miss the gnoll. You closely miss the quokka.
The gnoll hits you from afar with a +2 spear of flaming!
* * * LOW HITPOINT WARNING * * *
A demonic guardian appears!
The gnoll burns you.
* * * LOW HITPOINT WARNING * * *
You block the quokka's attack. You block the gnoll's attack.
The gnoll hits you with a +0 club.
You die...

#...###....................
#............#.######[.####
#########.# ##... #######
#.# #.... ....... #.##
#.... ....... #..## #.
.....gS ##..### #.
......r######...###.
)....g)@.5.......#
######.g.......#.#
#.........#... #.........#
### #.........# #....$....#
+....<....# #.........#
###########


You could see 3 gnolls, a quokka, a ball python and a friendly shadow imp
(summoned).

Vanquished Creatures
  A scorpion (D:3)
  An orc priest (D:3)
  A gnoll bouda (D:4)
  An iguana (D:4)
  A sickly merfolk siren (Sewer)
  A malarious merfolk avatar (Sewer)
  2 gnolls (D:4)
  11 adders
  3 river rats (Sewer)
  A worm (D:2)
  3 orcs (D:3)
  6 endoplasms
  3 giant cockroaches
  7 goblins
  3 hobgoblins
  2 jackals (D:2)
  9 quokkas
  18 ball pythons
  6 bats
  9 frilled lizards
  4 kobolds
  27 rats
120 creatures vanquished.

Vanquished Creatures (collateral kills)
  A sleepcap (D:4)
1 creature vanquished.

Grand Total: 121 creatures vanquished

Notes
Turn   | Place    | Note
-------+----------+-------------------------------------------
     0 | D:1      | Maratek the Demonspawn Fighter began the quest for the Orb.
     0 | D:1      | Reached XP level 1. HP: 18/18 MP: 1/1
   277 | D:1      | Gained mutation: A weak demonic guardian rushes to your
                  | aid. [demonic ancestry]
   277 | D:1      | Reached XP level 2. HP: 14/24 MP: 2/2
   771 | D:2      | Reached skill level 1 in Dodging
   773 | D:2      | Reached XP level 3. HP: 19/29 MP: 3/3
  1090 | D:2      | Found a faded altar of an unknown god.
  1427 | D:2      | Gained mutation: You have a pair of small antennae on your
                  | head. [demonic ancestry]
  1427 | D:2      | Reached XP level 4. HP: 26/37 MP: 4/4
  1994 | D:3      | Noticed a scorpion
  1999 | D:3      | Killed a scorpion
  2000 | D:3      | Reached XP level 5. HP: 30/42 MP: 5/5
  2150 | D:3      | Found a glowing drain.
  2176 | Sewer    | Entered a sewer
  2367 | Sewer    | Reached XP level 6. HP: 48/48 MP: 6/6
  2947 | D:3      | Found a large runed translucent door.
  2948 | D:3      | Found a large runed translucent door.
  2948 | D:3      | Found a shimmering altar of Xom.
  3349 | D:4      | Found a staircase to the Ecumenical Temple.
  3370 | Temple   | Entered the Ecumenical Temple
  3379 | Temple   | Became a worshipper of Qazlal Stormbringer
  3565 | D:4      | HP: 1/49 [gnoll/+2 spear of flaming[a gnoll bouda] (3)]
  3565 | D:4      | Slain by a gnoll

Illustrated notes

Levels and vault maps discovered:
D:1:      roderic_octagonal_star, layout_rooms, serial_corexii_hall,
          chequers_hall_statues_corner_a, corexii_hall_statues_x,
          corexii_hall_statues_deadend
D:2:      minmay_razor_zed, layout_basic, ebering_ecumenical_altar_ruins
D:3:      due_chaos_kobolds, layout_basic,
          mainiacjoe_sewer_entry_somewhere_in_here_2
D:4:      layout_basic, minmay_temple_entry_ruins, serial_shops, shop,
          uniq_robin
Temple:   nicolae_temple_superstar

Skill      XL: |  1  2  3  4  5  6 |
---------------+-------------------+-----
Dodging        | 1 2 |  2.0
Armour         | 3 |  3.8
Axes           | 2 3 4 |  4.5
Fighting       | 4 |  4.4
Shields        | 3 |  3.1
Stealth        | |  0.1

Action                     |  1- 3 |  4- 6 || total
---------------------------+-------+-------++-------
  Melee: War axe           |   109 |   223 ||   332
    Use: Scroll            |     4 |     5 ||     9
 Armour: Scale mail        |    99 |   111 ||   210
         Chain mail        |       |    61 ||    61
  Dodge: Dodged            |    58 |   114 ||   172
  Block: Buckler           |    31 |    60 ||    91

Table legend: (Time is in decaauts)
 A = Elapsed time spent in this place.
 B = Non-inter-level travel time spent in this place.
 C = Inter-level travel time spent in this place.
 D = Time resting spent in this place.
 E = Time spent auto-exploring this place.
 F = Levels seen in this place.
 G = Mean time per level.
                   A        B        C        D        E       F      G
               +--------+--------+--------+--------+--------+-----+--------+
         Total |   3758 |   3540 |    218 |      0 |   2712 |   6 |  626.3 |
       Dungeon |   3152 |   2950 |    202 |      0 |   2389 |   4 |  788.0 |
        Temple |     18 |      2 |     16 |      0 |      0 |   1 |   18.0 |
         Sewer |    587 |    587 |      0 |      0 |    323 |   1 |  587.0 |
               +--------+--------+--------+--------+--------+-----+--------+

Top non-repeatable levels by time:
     D:3: 1138 daAuts
     D:2: 1103 daAuts
     D:1: 693 daAuts
   Sewer: 587 daAuts
     D:4: 217 daAuts
  Temple: 18 daAuts
